 Dungeon Crawl Stone Soup version 0.26.1-16-g4e020e15dc (webtiles) character file.

Game seed: 11891063169432035209

466 Froggeryz the Cutter (level 7, -1/49 HPs)
             Began as an Octopode Berserker on Feb 4, 2024.
             Was a Believer of Trog.
             Killed by divine providence
             ... invoked by an orc priest
              (11 damage)
             ... on level 4 of the Dungeon.
             The game lasted 00:02:06 (3893 turns).

Froggeryz the Cutter (Octopode Berserker)           Turns: 3893, Time: 00:02:07

Health: -1/49      AC:  1    Str: 17    XL:     7   Next: 8%
Magic:  7/7        EV: 14    Int: 10    God:    Trog [**....]
Gold:   135        SH:  0    Dex: 12    Spells: 6/6 levels left

rFire    . . .     SeeInvis .   a - +0 short sword
rCold    . . .     Faith    .   (no shield)
rNeg     . . .     Spirit   .   (helmet restricted)
rPois    .         Reflect  .   (no amulet)
rElec    .         Harm     .   (no ring)
rCorr    .         Rampage  .   (no ring)
Will     .....                  (no ring)
Stlth    ++++......             (no ring)
HPRegen  0.16/turn              (no ring)
MPRegen  0.10/turn              (no ring)
                                (no ring)
                                (no ring)

@: no status effects
A: almost no armour, stealthy swim, amphibious, 8 rings, constrict 8, camouflage
1, gelatinous body 1
a: Renounce Religion, Berserk, Trog's Hand


You were on level 4 of the Dungeon.
You worshipped Trog.
Trog was pleased with you.
You visited 1 branch of the dungeon, and saw 4 of its levels.

You collected 135 gold pieces.

Inventory:

Hand Weapons
 a - a +0 short sword (weapon)
Missiles
 h - 12 poisoned darts
 m - 7 javelins
 u - 5 boomerangs
Jewellery
 j - an uncursed ring of magical power {unknown}
Wands
 q - a wand of acid (10)
 r - a wand of flame (14)
 x - a wand of polymorph (6)
Scrolls
 b - 4 scrolls of fog {unknown}
 c - 3 scrolls of enchant weapon {unknown}
 d - 4 scrolls of identify {unknown}
 e - a scroll of teleportation {unknown}
 i - a scroll of blinking {unknown}
 k - 3 scrolls of remove curse {unknown}
 p - 2 scrolls of magic mapping {unknown}
 s - 2 scrolls of immolation {unknown}
Potions
 f - 2 potions of curing
 g - a potion of resistance {unknown}
 l - a potion of mutation {unknown}
 n - 2 potions of degeneration {unknown}
 o - a potion of heal wounds {unknown}
 t - a potion of lignification {unknown}
 v - a potion of haste {unknown}
 w - a potion of might {unknown}


   Skills:
 + Level 4.6 Fighting
 * Level 5.9 Short Blades
 - Level 3.0 Dodging
 + Level 4.9 Stealth


You had 6 spell levels left.
You didn't know any spells.
Your spell library was empty.

Dungeon Overview and Level Annotations

Branches:
Dungeon (4/15)
 Temple: D:4-7

Altars:
Elyvilon
Makhleb
Qazlal


Innate Abilities, Weirdness & Mutations

You cannot wear most types of armour.
You are very stealthy in the water. (Stealth+)
You are amphibious.
You can wear up to eight rings at the same time.
You can use your tentacles to constrict eight enemies at once.
Your skin changes colour to match your surroundings (Stealth+).
Your rubbery body absorbs attacks. (AC +1, EV +1)


Message History

Trog accepts your kill.
You completely miss the adder skeleton. You grab the adder skeleton.
You constrict the adder skeleton.
The adder skeleton bites you but does no damage.
You hit the adder skeleton.
The adder skeleton is lightly damaged.
You constrict the adder skeleton, but do no damage.
The adder skeleton bites you.
You hit the adder skeleton.
The adder skeleton is moderately damaged.
You constrict the adder skeleton. The adder skeleton barely misses you.
You hit the adder skeleton. You squeeze the adder skeleton.
You destroy the adder skeleton!
Trog accepts your kill.
The orc priest invokes the aid of Beogh against you.
Beogh smites you!
* * * LOW HITPOINT WARNING * * *
The orc priest mumbles some strange prayers to Beogh against you.
Beogh smites you!
You die...

...### ....
...### .....
#..#
######..####..
#<..ogo.....#
#o####o.###.#
#@# #..# #.#
#g.# #)# #.)o#
#.# #.#o# #.#
#o .# #.# #.
Z# #.. .. >.
...... ..
#####. ...


You could see an orc priest.

Vanquished Creatures
  Grinder (D:3)
  A gnoll sergeant (D:4)
  A hound (D:4)
  An orc wizard (D:3)
  Jessica (D:3)
  Terence (D:3)
  3 gnolls
  2 adders (D:2)
  An adder skeleton (D:4)
  A worm (D:2)
  2 dart slugs (D:1)
  A leopard gecko (D:2)
  6 orcs
  A giant cockroach (D:2)
  3 goblins (D:1)
  3 hobgoblins
  A quokka (D:3)
  A bat (D:3)
  4 frilled lizards
  A kobold (D:1)
  7 rats
43 creatures vanquished.

Vanquished Creatures (others)
  3 fungi (D:3)
3 creatures vanquished.

Grand Total: 46 creatures vanquished

Notes
Turn   | Place    | Note
-------+----------+-------------------------------------------
     0 | D:1      | Froggeryz the Octopode Berserker began the quest for the
                  | Orb.
     0 | D:1      | Reached XP level 1. HP: 16/16 MP: 1/1
   233 | D:1      | Reached skill level 1 in Stealth
   233 | D:1      | Reached XP level 2. HP: 21/21 MP: 2/2
  1046 | D:2      | Reached XP level 3. HP: 14/26 MP: 3/3
  1072 | D:2      | HP: 1/26 [poisoned by an adder]
  1786 | D:2      | Found a stormy altar of Qazlal.
  1998 | D:2      | Found a burning altar of Makhleb.
  2274 | D:2      | Found a white marble altar of Elyvilon.
  2620 | D:3      | Noticed Jessica
  2625 | D:3      | Killed Jessica
  2626 | D:3      | Reached skill level 4 in Short Blades
  2626 | D:3      | Reached XP level 4. HP: 20/31 MP: 4/4
  2640 | D:3      | Reached ** piety under Trog
  3018 | D:3      | Noticed Terence
  3030 | D:3      | Killed Terence
  3031 | D:3      | Reached XP level 5. HP: 37/37 MP: 5/5
  3218 | D:3      | Noticed Grinder
  3228 | D:3      | Killed Grinder
  3229 | D:3      | Reached skill level 5 in Short Blades
  3229 | D:3      | Reached XP level 6. HP: 29/44 MP: 6/6
  3885 | D:4      | Reached XP level 7. HP: 23/49 MP: 7/7
  3893 | D:4      | Killed from afar by an orc priest

Illustrated notes

Levels and vault maps discovered:
D:1:      dpeg_arrival_refuge, layout_basic, roderic_roman_lattice
D:2:      layout_loops_corners, nicolae_qazlal_eye_of_the_storm,
          general_overflow_altar, lemuel_crystal_altar
D:3:      layout_rooms, uniq_grinder, uniq_jessica, uniq_crazy_yiuf_cottage,
          uniq_terence
D:4:      layout_loops_ring, grunt_temple_overflow_diamond, lemuel_angel_altar

Skill      XL: |  1  2  3  4  5 |
---------------+----------------+-----
Stealth        | 1 2 3 4 |  4.9
Short Blades   | 4 5 |  5.9
Fighting       | 4 |  4.6
Dodging        | |  3.0

Action                   |  1- 3 |  4- 6 |  7- 9 || total
-------------------------+-------+-------+-------++-------
Melee: Short sword       |    59 |    40 |     5 ||   104
       Tentacles         |    10 |    12 |     1 ||    23
       Constrict         |    17 |    11 |     1 ||    29
       Unarmed           |       |     4 |       ||     4
Invok: Berserk           |       |     2 |       ||     2
Evoke: Wand              |       |     2 |       ||     2
  Use: Potion            |       |     1 |       ||     1
 Stab: Sleeping          |     7 |     1 |       ||     8
Armor: Skin              |     2 |       |     1 ||     3
Dodge: Dodged            |    23 |    21 |     1 ||    45
